AoeStats
← AxingQuestions

Arabia

503278429Analyzed
1v1 RM · 1mo ago on Aug 30, 2026· 28m 19s· 2 players
Game mode
Random Map
Map size
Tiny (2 player)
Population
200
Speed
Normal
Resources
Standard
Victory
Conquest
Starting age
Dark Age
Ending age
Imperial Age
RankedLock teamsTeams togetherTeam positionsShared explorationLock speedFull tech treeHidden civsTurbo modeCheats
Victory
Defeat
🇺🇸 Bohemians · United States
1148
+17
🇩🇪 Mongols · Germany
1171
-17
AxingQuestions
4:49 Loom
11:01 Feudal Age
15:11 Castle Age
14:16 Double-Bit Axe
16:41 Bow Saw
19:19 Wheelbarrow
19:14 Horse Collar
20:17 Fletching
25:01 Hand Cart
25:19 Light Cavalry
27:22 Forging
Heisenberg
7:48 Loom
9:35 Feudal Age
10:49 Double-Bit Axe
10:44 Horse Collar
14:12 Bloodlines
14:08 Scale Barding Armor
19:51 Castle Age
18:27 Stone Mining
18:28 Gold Mining
19:39 Bloodlines
19:32 Fletching
20:36 Bodkin Arrow
21:31 Bow Saw
22:11 Town Watch
23:02 Wheelbarrow
23:44 Heavy Plow
24:50 Husbandry
Connection lost

Rejoining the realm…

Still unreachable

The connection could not be restored.

Session expired

The server has moved on; the page needs a fresh start.